 Dungeon Crawl Stone Soup version 0.17.1-3-g152610e (webtiles) character file.

239 kaze the Shield-Bearer (level 6, -8/53 HPs)
             Began as a Hill Orc Fighter on Apr 7, 2016.
             Was an Initiate of Nemelex Xobeh.
             Mangled by a gnoll
             ... wielding a +0 halberd
              (13 damage)
             ... on level 3 of the Dungeon.
             The game lasted 00:05:54 (2593 turns).

kaze the Shield-Bearer (Hill Orc Fighter)           Turns: 2593, Time: 00:05:55

Health: -8/53      AC:  9    Str: 21    XL:     6   Next: 7%
Magic:  6/6        EV:  8    Int:  8    God:    Nemelex Xobeh [......]
Gold:   106        SH:  9    Dex: 10    Spells: 0 memorised, 5 levels left

rFire  . . .     SeeInvis .     a - +0 trident
rCold  . . .     Clarity  .     b - +0 scale mail
rNeg   . . .     SustAt   .     c - +0 shield
rPois  .         Gourm    .     p - +0 helmet
rElec  .         Spirit   .     (no cloak)
rCorr  .         Warding  .     h - +0 pair of gloves
rMut   .         Stasis   .     (no boots)
MR     .....                    (no amulet)
Stlth  ..........               (no ring)
                                (no ring)

@: not resistant to hostile enchantments, extremely unstealthy
A: no striking features
a: Renounce Religion


You were on level 3 of the Dungeon.
You worshipped Nemelex Xobeh.
Nemelex Xobeh was noncommittal.
You were not hungry.

You visited 1 branch of the dungeon, and saw 3 of its levels.

You collected 106 gold pieces.

Inventory:

Hand Weapons
 a - a +0 trident (weapon)
Armour
 b - a +0 scale mail (worn)
 c - a +0 shield (worn)
 h - a +0 pair of gloves (worn)
 p - a +0 helmet (worn)
Scrolls
 g - 2 scrolls of remove curse {unknown}
 i - a scroll of blinking {unknown}
 k - 3 scrolls of identify {unknown}
 m - 2 scrolls of enchant weapon {unknown}
 n - 3 scrolls of enchant armour {unknown}
 r - a scroll of random uselessness {unknown}
 s - a scroll of amnesia {unknown}
 t - 3 scrolls of teleportation {unknown}
 x - a scroll of fear {unknown}
Potions
 d - 2 potions of might
 f - a potion of haste {unknown}
 l - 2 potions of agility {unknown}
 q - a potion of lignification {unknown}
 u - a potion of cancellation {unknown}
Comestibles
 e - a bread ration
 j - a slice of pizza
 o - a meat ration
 v - 5 fruits
 z - 2 chunks of flesh


   Skills:
 + Level 4.4 Fighting
 + Level 3.0 Polearms
 + Level 4.4 Armour
 + Level 1.7 Dodging
 + Level 0.6 Stealth
 + Level 4.5 Shields
 * Level 1.2 Evocations


You had 5 spell levels left.
You didn't know any spells.

Dungeon Overview and Level Annotations

Branches:
Dungeon (3/15)

Altars:
Cheibriados
Nemelex Xobeh
Okawaru
Ru
Sif Muna
Zin


Message History

You are too injured to fight recklessly!
Unknown command.
You are too injured to fight recklessly!
Unknown command.
You are too injured to fight recklessly!
Unknown command.
You are too injured to fight recklessly!
Unknown command.
You hit the gnoll shaman.
The gnoll shaman is heavily wounded.
The gnoll hits you but does no damage.
The gnoll shaman hits you with a whip of electrocution.
* * * LOW HITPOINT WARNING * * *
The gnoll closely misses you. x2
A gnoll comes into view. It is wielding a whip.
You barely miss the gnoll shaman.
The gnoll shaman is heavily wounded.
The gnoll hits you from afar with a halberd!
You die...
Your body disappears without a glow.

#####''''########
#....# #' #....#
... #....# ..#
#....#########g'##$
#....#.)))....)...$
'....'.g8#gg..)....
'....g.g8#†g##'g##.
#8..8#ggg@E.# g.#
############# .


You could see a gnoll sergeant, a gnoll shaman, 8 gnolls and a friendly air
elemental.

Vanquished Creatures
  An ogre (D:3)
  A gnoll sergeant (D:3)
  A gnoll shaman (D:3)
  Jessica (D:2)
  An orc wizard (D:2)
  10 gnolls (D:3)
  2 adders (D:2)
  2 worms (D:2)
  2 giant geckos (D:2)
  2 orcs
  7 bats
  A giant cockroach (D:1)
  5 goblins
  5 hobgoblins
  6 jackals
  3 kobolds
  2 giant newts
  4 rats
56 creatures vanquished.

Vanquished Creatures (collateral kills)
  6 gnolls (D:3)
6 creatures vanquished.

Grand Total: 62 creatures vanquished

Notes
Turn   | Place    | Note
--------------------------------------------------------------
     0 | D:1      | kaze the Hill Orc Fighter began the quest for the Orb.
     0 | D:1      | Reached XP level 1. HP: 19/19 MP: 1/1
   114 | D:1      | Reached XP level 2. HP: 25/27 MP: 2/2
   761 | D:2      | Found an iron altar of Okawaru.
   772 | D:2      | Became a worshipper of Warmaster Okawaru
   840 | D:2      | Reached XP level 3. HP: 20/33 MP: 3/3
   881 | D:2      | Found a sacrificial altar of Ru.
   913 | D:2      | Reached skill level 4 in Armour
   913 | D:2      | Reached XP level 4. HP: 18/40 MP: 4/4
  1196 | D:2      | Reached skill level 1 in Dodging
  1212 | D:2      | Noticed Jessica
  1245 | D:2      | Killed Jessica
  1637 | D:2      | Found a sparkling altar of Nemelex Xobeh.
  1638 | D:2      | Found a snail-covered altar of Cheibriados.
  1657 | D:2      | Fell from the grace of Okawaru
  1657 | D:2      | Became a worshipper of Nemelex Xobeh the Trickster
  1728 | D:3      | Found a faded altar to an unknown god.
  1739 | D:3      | Found a deep blue altar of Sif Muna.
  1815 | D:3      | Received a gift from Nemelex Xobeh
  1895 | D:3      | Found a glowing silver altar of Zin.
  1896 | D:3      | Noticed an angel
  1950 | D:3      | Reached XP level 5. HP: 35/46 MP: 5/5
  2359 | D:3      | Reached skill level 1 in Evocations
  2570 | D:3      | Noticed an ogre
  2574 | D:3      | Killed an ogre
  2578 | D:3      | Reached XP level 6. HP: 27/53 MP: 6/6
  2590 | D:3      | Noticed a gnoll sergeant
  2593 | D:3      | Mangled by a gnoll

Action                   |  1- 3 |  4- 6 || total
-------------------------+-------+-------++-------
Melee: Trident           |    93 |   168 ||   261
Evoke: Deck              |       |     5 ||     5
 Stab: Paralysed         |     2 |       ||     2
  Eat: Bread ration      |       |     1 ||     1
       Chunk             |       |     1 ||     1
